 Dungeon Sprint DCSS version 0.17-a0-1691-g18a3847 (webtiles) character file.

474 cmyster the Unseen (level 7, -2/44 HPs)
             Began as a Kobold Assassin on Aug 20, 2015.
             Was an Initiate of Dithmenos.
             Slain by a yak (16 damage)
             ... in the Dungeon (Sprint I: "Red Sonja").
             The game lasted 00:01:43 (251 turns).

cmyster the Unseen (Kobold Assassin)                 Turns: 251, Time: 00:01:43

Health: -2/44      AC:  3    Str:  9    XL:     7   Next: 32%
Magic:  7/7        EV: 17    Int:  9    God:    Dithmenos [......]
Gold:   297        SH:  0    Dex: 20    Spells: 0 memorised, 6 levels left

rFire  . . .     SeeInvis .     a - +2 dagger
rCold  . . .     Clarity  .     c - +0 robe
rNeg   . . .     SustAt   .     (shield restricted)
rPois  .         Gourm    .     (no helmet)
rElec  .         Spirit   .     d - +0 cloak
rCorr  .         Warding  .     (no gloves)
rMut   .         NoTele   +     (no boots)
MR     .....                    (no amulet)
Stlth  ++++++++..               (no ring)
                                (no ring)

@: not resistant to hostile enchantments, extraordinarily stealthy
A: carnivore 3
a: Renounce Religion


You were in the Dungeon.
You worshipped Dithmenos.
Dithmenos was noncommittal.
You were not hungry.

You visited 1 branch You collected 297 gold pieces.

Inventory:

Hand weapons
 a - a +2 dagger (weapon)
 b - a +0 blowgun
Missiles
 e - 8 poisoned needles
 f - 2 curare-tipped needles
Armour
 c - a +0 robe (worn)
 d - a +0 cloak (worn)
Magical devices
 n - a wand of flame (32)
Scrolls
 m - a scroll of blinking
Potions
 i - a potion of heal wounds
 j - a potion of haste
 k - 2 potions of magic
 l - a potion of berserk rage
 o - 2 potions of agility {unknown}
Comestibles
 g - a meat ration
 p - a royal jelly


   Skills:
 + Level 4.5 Fighting
 + Level 5.5 Short Blades
 - Level 2.6 Throwing
 + Level 3.3 Dodging
 * Level 18.1 Stealth


You had 6 spell levels left.
You didn't know any spells.

Dungeon Overview and Level Annotations

Branches:
Dungeon (1/1)

Altars:
Cheibriados
Dithmenos
Elyvilon
Fedhas
Gozag
Kikubaaqudgha
Makhleb
Nemelex Xobeh
Qazlal
Ru
Sif Muna
Vehumet
Xom
Yredelemnul
Zin
The Shining One
Jiyva

Shops:
D :


Innate Abilities, Weirdness & Mutations

You are small and have problems with some larger weapons.
You are carnivorous and can eat meat at any time.


Message History

You hit the yak but do no damage.
The yak is heavily wounded.
You hit the yak.
The yak is severely wounded.
The yak gores you!
* * * LOW HITPOINT WARNING * * *
You hit the yak but do no damage.
The yak is severely wounded.
The yak closely misses you.
You hit the yak but do no damage.
The yak is severely wounded.
The yak misses you.
Drink which item? (? for menu, Esc to quit)
You feel better. The yak closely misses you.
You hit the yak.
The yak is severely wounded.
You hit the yak.
The yak is severely wounded.
The yak gores you!
You die...

###################
#<.#.†'..#.)'..#__#
#..'..#.)'..#..'..+
#..#####'#####'#__#
#..# #..#...#.####
#..#__####..##.#
#..#_..__##'#..+
#⌠⌠#_.∩...Y@.._#
####_..._##_.#+#
___ ##+# #


You could see a yak.

Vanquished Creatures
  A slime creature (D)
  Sigmund (D)
  An ogre (D)
  Ijyb (D)
  A jelly (D)
5 creatures vanquished.

Notes
Turn   | Place    | Note
--------------------------------------------------------------
     0 | D        | cmyster the Kobold Assassin began the quest for the Orb.
     0 | D        | Reached XP level 1. HP: 12/12 MP: 1/1
     2 | D        | Noticed Ijyb
    13 | D        | Killed Ijyb
    13 | D        | Reached skill level 9 in Stealth
    13 | D        | Reached XP level 2. HP: 13/18 MP: 2/2
    13 | D        | Reached XP level 3. HP: 15/22 MP: 3/3
   111 | D        | Noticed an ogre
   114 | D        | Killed an ogre
   114 | D        | Reached skill level 12 in Stealth
   114 | D        | Reached XP level 4. HP: 26/28 MP: 4/4
   114 | D        | Reached XP level 5. HP: 29/32 MP: 5/5
   145 | D        | Noticed Sigmund
   148 | D        | Killed Sigmund
   148 | D        | Reached skill level 15 in Stealth
   148 | D        | Reached XP level 6. HP: 36/38 MP: 6/6
   163 | D        | Found a deep blue altar of Sif Muna.
   164 | D        | Noticed a jelly
   165 | D        | Found a radiant altar of Vehumet.
   171 | D        | Killed a jelly
   171 | D        | Reached skill level 5 in Short Blades
   171 | D        | Reached skill level 16 in Stealth
   181 | D        | Found a snail-covered altar of Cheibriados.
   181 | D        | Found a viscous altar of Jiyva.
   181 | D        | Found a shadowy altar of Dithmenos.
   181 | D        | Found a blossoming altar of Fedhas.
   181 | D        | Noticed a slime creature
   184 | D        | Killed a slime creature
   184 | D        | Reached skill level 18 in Stealth
   184 | D        | Reached XP level 7. HP: 42/44 MP: 7/7
   187 | D        | Became a worshipper of Dithmenos the Shadowed
   226 | D        | Found Puful's Book Emporium.
   226 | D        | Found a white marble altar of Elyvilon.
   226 | D        | Found a stormy altar of Qazlal.
   226 | D        | Found a burning altar of Makhleb.
   226 | D        | Found a sacrificial altar of Ru.
   226 | D        | Found a basalt altar of Yredelemnul.
   226 | D        | Found a glowing golden altar of the Shining One.
   226 | D        | Found a sparkling altar of Nemelex Xobeh.
   226 | D        | Found a shimmering altar of Xom.
   226 | D        | Found an opulent altar of Gozag.
   226 | D        | Found an ancient bone altar of Kikubaaqudgha.
   226 | D        | Found a glowing silver altar of Zin.
   226 | D        | Noticed a yak
   246 | D        | HP: 2/44 [yak (16)]
   251 | D        | Slain by a yak

Vault maps used:
D:        dungeon_sprint_1

Action                   |  1- 3 |  4- 6 |  7- 9 || total
-------------------------+-------+-------+-------++-------
Melee: Dagger            |    10 |     3 |    24 ||    37
  Use: Potion            |       |       |     1 ||     1
 Stab: Sleeping          |     2 |     3 |       ||     5
